 Dungeon Crawl Stone Soup version 0.30-a0-613-gdd512c7efb (webtiles) character file.

Game seed: 5686034384841224381

14 pokeman the Magician (level 2, -1/16 HPs)
             Began as a Deep Elf Hedge Wizard on Jan 8, 2023.
             Slain by a gnoll
             ... wielding a +0 club
              (6 damage)
             ... on level 2 of the Dungeon.
             The game lasted 00:00:54 (915 turns).

pokeman the Magician (Deep Elf Hedge Wizard)         Turns: 915, Time: 00:00:55

Health: -1/16      AC:  2    Str:  7    XL:     2   Next: 31%
Magic:  9/9        EV: 12    Int: 24    God:
Gold:   114        SH:  0    Dex: 14    Spells: 9/10 levels left

rFire   . . .      SeeInvis +    a - +0 dagger
rCold   . . .      Faith    .    (no shield)
rNeg    . . .      Spirit   .    b - +0 robe
rPois   .          Reflect  .    c - +0 hat
rElec   .          Harm     .    (no cloak)
rCorr   .          Rampage  .    (no gloves)
Will    .....                    (no boots)
Stlth   ++                       (no amulet)
HPRegen 0.22/turn                e - +6 ring of intelligence
MPRegen 0.11/turn                m - ring of see invisible

@: no status effects
A: no striking features
a: no special abilities


You were on level 2 of the Dungeon.
You visited 1 branch of the dungeon, and saw 2 of its levels.

You collected 114 gold pieces.

Inventory:

Hand Weapons
 a - a +0 dagger (weapon)
Armour
 b - a +0 robe (worn)
 c - a +0 hat (worn)
Jewellery
 e - a +6 ring of intelligence (left hand)
 l - an amulet of guardian spirit
 m - a ring of see invisible (right hand)
Scrolls
 f - a scroll of immolation {unknown}
 g - 2 scrolls of vulnerability {unknown}
 h - a scroll of noise {unknown}
 j - a scroll of teleportation {unknown}
Potions
 d - a potion of magic
 i - 2 potions of curing {unknown}
 k - a potion of might {unknown}


   Skills:
 + Level 0.4 Fighting
 + Level 0.4 Armour
 - Level 2.4 Dodging
 - Level 2.4 Stealth
 * Level 4.8 Spellcasting
 + Level 1.4 Conjurations
 - Level 1.1 Summonings
 - Level 1.1 Translocations


You had 9 spell levels left.
You knew the following spells:

 Your Spells              Type           Power      Damage    Failure   Level
a - Magic Dart            Conj           48%        1d5       4%          1

Your spell library contained the following spells:

 Spells                   Type           Power      Damage    Failure   Level
 Slow                     Hex            20%        N/A       9%          1
 Blink                    Tloc           22%        N/A       9%          2
 Call Imp                 Summ           11%        N/A       9%          2
 Cigotuvi's Dreadful Rot  Necr/Pois/Air  10%        N/A       14%         2
 Mephitic Cloud           Conj/Pois/Air  8%         N/A       22%         3
 Tukima's Dance           Hex            5%         N/A       26%         3
 Passage of Golubria      Tloc           11%        N/A       50%         4
 Yara's Violent Unravell  Hex/Tmut       2%         3d3       94%         5


Dungeon Overview and Level Annotations

Branches:
Dungeon (2/15)

Altars:


Message History

l - an amulet of guardian spirit You open the door.
There is an open door here.
You see here a +0 quarterstaff.
You open the door.
There is an open door here.
As you open the door, it creaks loudly!
There is an open door here.
Found 5 stones.
You see here 5 stones.
You now have 75 gold pieces (gained 16).
You open the door.
There is an open door here.
Found a hand axe.
m - a ring of see invisible
m - a ring of see invisible (right hand)
Found a stone staircase leading down.
You now have 89 gold pieces (gained 14).
You now have 102 gold pieces (gained 13).
You pick up Great Wizards, Vol.
VII and begin reading...
You add the spells Tukima's Dance, Passage of Golubria and Yara's Violent Unravelling to your library.
You now have 114 gold pieces (gained 12).
You see here a +0 hand axe.
There is an open door here.
You see here 5 stones.
There is an open door here.
Done exploring.
Done exploring.
There is an open door here.
You see here a +0 quarterstaff.
There is a stone staircase leading down here.
You climb downwards.
The goblin shouts! x2; You hear a shout!
The goblin shouts! x3
You hear a shout! x2; The gnoll shouts!
There is a stone staircase leading up here.
The gnoll shouts! x3
The gnoll hits you with a +0 flail!
Ouch! That really hurt!
The gnoll hits you with a +0 club.
You die...

### ... # # ..#
.# g# #
##.##.#gg.
..##.#......g.g
......g.gg.#...
#..g@......#
####.#######
... ##..# #..#
#..# #..# #...


You could see 4 gnolls and 5 goblins.

Vanquished Creatures
  An endoplasm (D:1)
  2 giant cockroaches (D:1)
  4 goblins (D:1)
  A quokka (D:1)
  A ball python (D:1)
  2 kobolds (D:1)
  2 rats (D:1)
13 creatures vanquished.

Notes
Turn   | Place    | Note
-------+----------+-------------------------------------------
     0 | D:1      | pokeman the Deep Elf Hedge Wizard began the quest for the
                  | Orb.
     0 | D:1      | Reached XP level 1. HP: 10/10 MP: 7/7
   415 | D:1      | Reached XP level 2. HP: 16/16 MP: 6/9
   915 | D:2      | Slain by a gnoll

Illustrated notes

Levels and vault maps discovered:
D:1:      minmay_arrival_cross, layout_basic
D:2:      layout_loops_ring, serial_shops, shop, nicolae_square_shop,
          nicolae_shop_hallway_plus, shop_statue, minmay_tromino_i2, uniq_robin

Action                   || total
-------------------------++-------
Melee: Dagger            ||     1
 Cast: Magic Dart        ||    29
Dodge: Dodged            ||     6

Table legend: (Time is in decaauts)
 A = Elapsed time spent in this place.
 B = Non-inter-level travel time spent in this place.
 C = Inter-level travel time spent in this place.
 D = Time resting spent in this place.
 E = Time spent auto-exploring this place.
 F = Levels seen in this place.
 G = Mean time per level.
                   A        B        C        D        E       F      G
               +--------+--------+--------+--------+--------+-----+--------+
         Total |    913 |    887 |     26 |      0 |    821 |   2 |  456.5 |
       Dungeon |    913 |    887 |     26 |      0 |    821 |   2 |  456.5 |
               +--------+--------+--------+--------+--------+-----+--------+

Top non-repeatable levels by time:
     D:1: 913 daAuts
     D:2: 0 daAuts
